 Dungeon Crawl Stone Soup version 0.31.0-9-g3a7656b989 (webtiles) character file.

Game seed: 15838638751901851860

163 qw the Shooter (level 5, -1/26 HPs)
             Began as a Spriggan Hunter on Feb 2, 2024.
             Slain by an orc warrior
             ... wielding a +0 halberd
              (13 damage)
             ... on level 3 of the Dungeon.
             The game lasted 00:00:07 (2229 turns).

qw the Shooter (Spriggan Hunter)                    Turns: 2229, Time: 00:00:08

Health: -1/26      AC:  2    Str:  7    XL:     5   Next: 20%
Magic:  6/6        EV: 20    Int: 10    God:
Gold:   85         SH:  0    Dex: 21    Spells: 4/4 levels left

rFire   . . .        a - +3 shortbow
rCold   . . .        (shield currently unavailable)
rNeg    . . .        c - +0 robe
rPois   .            (helmet restricted)
rElec   .            (no cloak)
rCorr   .            (gloves unavailable)
SInv    +            (boots unavailable)
Will    .....        (no amulet)
Stlth   ++           (no ring)
HPRegen 0.24/turn    (no ring)
MPRegen 0.10/turn

%: no passive effects
@: very quick
A: very small, no large weapons, unfitting armour, see invisible, speed 3
a: no special abilities


You were on level 3 of the Dungeon.
You visited 1 branch of the dungeon, and saw 3 of its levels.

You collected 160 gold pieces.
You spent 75 gold pieces at shops.


Innate Abilities, Weirdness & Mutations

You are very small and have problems with some larger weapons.
You are too small for most types of armour.
You have supernaturally acute eyesight. (SInv)
You cover ground extremely quickly. (Speed+++)


   Skills:
 - Level 2.3 Fighting
 + Level 5.2 Ranged Weapons
 - Level 5.0 Dodging
 - Level 1.5 Stealth


You had 4 spell levels left.
You didn't know any spells.
Your spell library was empty.

Inventory:

Hand Weapons
 a - a +3 shortbow (weapon)
Armour
 c - a +0 robe (worn)
Jewellery
 d - an amulet of the acrobat
 f - a +4 ring of protection
Scrolls
 b - a scroll of fog {unknown}
Potions
 e - a potion of might
 g - a potion of cancellation {unknown}
 h - a potion of haste {unknown}

Dungeon Overview and Level Annotations

Branches:
Dungeon (3/15)

Altars:
Uskayaw

Shops:
D:2 *


Message History

Things that are here:
a +1 antimagic short sword; a kobold corpse
Things that are here:
a +1 antimagic short sword; a kobold corpse
There is a stone staircase leading down here.
As you open the door, it creaks loudly!
Found a club.
Enter note:
Enter note: A goblin comes into view. It is wielding a +0 dagger.
You shoot an arrow. The arrow hits the goblin.
You kill the goblin!
An orc warrior comes into view. It is wielding a +0 halberd.
Enter note:
Enter note:
Enter note: You shoot an arrow.
The arrow hits the orc warrior but does no damage.
You open the door.
An orc warrior is nearby!
You shoot an arrow.
The arrow hits the orc warrior but does no damage.
You shoot an arrow.
The arrow barely misses the orc warrior.
You hear a shout!
You shoot an arrow. The arrow hits the orc warrior.
The orc warrior is lightly wounded.
The orc warrior hits you from afar with a +0 halberd.
An orc priest comes into view. It is wielding a +0 dagger.
You shoot an arrow.
The arrow barely misses the orc warrior.
The orc warrior misses you.
You shoot an arrow. The arrow hits the orc warrior.
The orc warrior is lightly wounded.
The orc warrior closely misses you.
The orc priest mumbles some strange prayers to Beogh against you.
Beogh smites you!
The orc warrior hits you from afar with a +0 halberd!
Ouch! That really hurt!
You die...

##.# #.# #..........'........# ..
#.# #.......####......#.# #
######.# ####................# #
.......#######....###########.###
###.........#####.# #............
..#.........#####.# #.#######.###
#.#...............# #............
#.#.).......##...############.#..
#.....#####.....@'o..... #.#..
###.......#.##...##..... #.#..
#.......#.##..o# ..... #.###
#.).....#.##...# ....###.#..
###+###........................
#.# ##.#######.............. #.#
#.##...##.............# #.#
#.##...# .............# #####.#
#.##...# ............#


You could see an orc warrior and an orc priest.

Vanquished Creatures
  Terence (D:3)
  Robin (D:3)
  A gnoll (D:1)
  3 adders
  4 ribbon worms
  3 dart slugs
  3 orcs (D:3)
  5 endoplasms
  5 giant cockroaches
  10 goblins
  7 hobgoblins
  4 jackals (D:1)
  3 quokkas
  3 ball pythons (D:2)
  5 bats
  A frilled lizard (D:2)
  4 kobolds
  10 rats
73 creatures vanquished.

Notes
Turn   | Place    | Note
-------+----------+-------------------------------------------
     0 | D:1      | qw the Spriggan Hunter began the quest for the Orb.
     0 | D:1      | Reached XP level 1. HP: 10/10 MP: 2/2
     0 | D:1      | 0 ||| qw: Version: 0.3-a-155-g5e7d8dd
     0 | D:1      | 0 ||| qw: Game counter: 1612
     0 | D:1      | 0 ||| qw: Melee chars always use a shield: true
     0 | D:1      | 0 ||| qw: God list: Okawaru
     0 | D:1      | 0 ||| qw: Allow faded altars: false
     0 | D:1      | 0 ||| qw: Do Orc after clearing Dungeon:15 true
     0 | D:1      | 0 ||| qw: Do second Lair branch before Depths: true
     0 | D:1      | 0 ||| qw: Lair rune preference: random
     0 | D:1      | 0 ||| qw: Goals: Normal
     0 | D:1      | 0 ||| PLANNING D:1-11
    83 | D:1      | Reached skill level 3 in Dodging
   194 | D:1      | Reached XP level 2. HP: 14/14 MP: 3/3
   318 | D:1      | Reached XP level 3. HP: 18/18 MP: 4/4
   802 | D:1      | 802 ||| READING scroll labelled OWEOCI HOSIA.
   807 | D:1      | 807 ||| READING scroll labelled WUCYES WELYGI.
   808 | D:1      | 808 ||| READING scroll labelled RAIQIM FELANG.
   909 | D:1      | 909 ||| DROPPING scroll of butterflies.
  1036 | D:2      | Found a hide-covered altar of Uskayaw.
  1236 | D:2      | Reached XP level 4. HP: 22/22 MP: 5/5
  1273 | D:2      | Found Burud's General Store.
  1283 | D:2      | 1283 ||| BUYING scroll of enchant weapon (75 gold).
  1283 | D:2      | Bought a scroll of enchant weapon for 75 gold pieces
  1283 | D:2      | 1283 ||| SHOPLISTING scroll of identify (20 gold, have 12).
  1283 | D:2      | 1283 ||| SHOPLISTING scroll of teleportation (30 gold, have
                  | 12).
  1283 | D:2      | 1283 ||| READING 2 scrolls of enchant weapon.
  1283 | D:2      | 1283 ||| ENCHANTING +0 shortbow.
  1284 | D:2      | 1284 ||| READING scroll of enchant weapon.
  1284 | D:2      | 1284 ||| ENCHANTING +1 shortbow.
  1465 | D:2      | 1465 ||| READING scroll of enchant weapon.
  1465 | D:2      | 1465 ||| ENCHANTING +2 shortbow.
  1645 | D:2      | 1645 ||| READING 4 scrolls labelled SOBAOS RAONT.
  1645 | D:2      | 1645 ||| IDENTIFYING viscous brown potion
  1646 | D:2      | 1646 ||| READING 3 scrolls of identify.
  1646 | D:2      | 1646 ||| IDENTIFYING bubbling silvery potion
  1647 | D:2      | 1647 ||| READING 2 scrolls of identify.
  1647 | D:2      | 1647 ||| IDENTIFYING metallic brown potion
  1648 | D:2      | 1648 ||| READING scroll of identify.
  1648 | D:2      | 1648 ||| IDENTIFYING blue potion
  1649 | D:2      | 1649 ||| READING scroll labelled VEOSMEISUMAM.
  1650 | D:2      | 1650 ||| DROPPING potion of degeneration.
  1651 | D:2      | 1651 ||| DROPPING potion of brilliance.
  1652 | D:2      | 1652 ||| DROPPING potion of invisibility.
  1901 | D:3      | Noticed Terence
  1903 | D:3      | Killed Terence
  1904 | D:3      | Reached XP level 5. HP: 26/26 MP: 6/6
  1938 | D:3      | Noticed Robin
  1943 | D:3      | Killed Robin
  2219 | D:3      | Noticed an orc warrior
  2229 | D:3      | Slain by an orc warrior

Levels and vault maps discovered:
D:1:      spicycebolla_green_bress_n_ham_2, layout_basic
D:2:      minmay_thinvault, layout_rooms, serial_shops, shop, basic_altar,
          minmay_misc_feat_plants
D:3:      layout_basic, uniq_terence, uniq_robin

Skill      XL: |  1  2  3  4 |
---------------+-------------+-----
Dodging        | 3 4 5 |  5.0
Ranged Weapons | 5 |  5.2
Fighting       | 2 |  2.3
Stealth        | |  1.5

Action                     |  1- 3 |  4- 6 || total
---------------------------+-------+-------++-------
   Fire: Shortbow          |   115 |    86 ||   201
    Use: Scroll            |     3 |     8 ||    11
 Armour: Robe              |     6 |     4 ||    10
  Dodge: Dodged            |    37 |    12 ||    49

Table legend:
 A = Non-vault XP
 B = Vault XP
 C = Vault XP percentage of total XP
 D = Non-vault monster count
 E = Vault monster count
 F = Vault count percentage of total count
                 A         B        C        D         E       F
            +---------+---------+-------+---------+---------+-------
      Total |     142 |      91 |  39.1 |      51 |      22 |  30.1
            +---------+---------+-------+---------+---------+-------
        D:1 |      56 |       0 |   0.0 |      26 |       0 |   0.0
        D:2 |      29 |      32 |  52.5 |       9 |      14 |  60.9
        D:3 |      57 |      59 |  50.9 |      16 |       8 |  33.3
            +---------+---------+-------+---------+---------+-------
